 Dungeon Crawl Stone Soup version 0.29.1-13-g9f3cf754e1 (webtiles) character file.

Game seed: 3438582729368082980

2482 foxxo the Magician (level 9, -1/75 HPs)
             Began as a Deep Elf Conjurer on Jan 22, 2023.
             Was an Elder of Uskayaw.
             Slain by a wolf (7 damage)
             ... in a bailey.
             The game lasted 00:22:57 (7443 turns).

foxxo the Magician (Deep Elf Conjurer)              Turns: 7443, Time: 00:22:57

Health: -1/75      AC:  6    Str:  6    XL:     9   Next: 27%
Magic:  1/21       EV: 13    Int: 24    God:    Uskayaw [****..]
Gold:   199        SH:  0    Dex: 15    Spells: 15/22 levels left

rFire   . . .      SeeInvis .   b - +2 dagger (venom)
rCold   . . .      Faith    .   (no shield)
rNeg    . . .      Spirit   .   E - +2 leather armour {rPois}
rPois   +          Reflect  .   (no helmet)
rElec   .          Harm     .   v - +0 cloak
rCorr   +          Rampage  .   (no gloves)
Will    .....                   (no boots)
Stlth   ..........              (no amulet)
HPRegen 0.22/turn               c - ring of resist corrosion
MPRegen 0.17/turn               g - ring of poison resistance

@: berserking, very slightly contaminated, very quick
A: no striking features
a: Renounce Religion, Stomp, Line Pass


You were in a bailey.
You worshipped Uskayaw.
Uskayaw was noncommittal.
You visited 2 branches of the dungeon, and saw 8 of its levels.
You also visited: Bailey.

You collected 279 gold pieces.
You spent 80 gold pieces at shops.

Inventory:

Hand Weapons
 b - a +2 dagger of venom (weapon)
Missiles
 B - 6 throwing nets
Armour
 v - a +0 cloak (worn)
 E - a +2 leather armour of poison resistance (worn)
 F - a +0 robe
Magical Staves
 a - a staff of conjuration
Jewellery
 c - a ring of resist corrosion (left hand)
 g - a ring of poison resistance (right hand)
 o - a ring of protection from cold
 r - a ring of positive energy
 C - a ring of fire
 D - a ring of see invisible
Wands
 d - a wand of polymorph (8)
Scrolls
 h - 4 scrolls of teleportation
 j - 2 scrolls of butterflies {unknown}
 k - a scroll of enchant weapon {unknown}
 m - 2 scrolls of torment {unknown}
 n - 3 scrolls of amnesia
 p - 2 scrolls of blinking {unknown}
 t - a scroll of acquirement {unknown}
 y - a scroll of magic mapping {unknown}
 I - 2 scrolls of noise {unknown}
Potions
 e - 2 potions of attraction {unknown}
 f - 2 potions of degeneration {unknown}
 i - 2 potions of invisibility
 q - a potion of flight {unknown}
 s - a potion of brilliance {unknown}
 w - a potion of berserk rage
 x - a potion of lignification {unknown}
 z - 3 potions of mutation
 A - a potion of resistance {unknown}
 G - a potion of heal wounds {unknown}
 H - a potion of cancellation {unknown}


   Skills:
 * Level 3.1 Fighting
 * Level 4.7 Short Blades
 * Level 2.9 Armour
 * Level 5.6 Dodging
 + Level 5.7 Stealth
 + Level 7.2 Spellcasting
 + Level 6.7 Conjurations
 * Level 3.8 Translocations
 * Level 2.5 Invocations


You had 15 spell levels left.
You knew the following spells:

 Your Spells              Type           Power      Damage    Failure   Level
d - Magic Dart            Conj           100%       1d8       1%          1
i - Iskenderun's Mystic   Conj/Tloc      34%        2d8       12%         4
r - Searing Ray           Conj           80%        2d7       1%          2

Your spell library contained the following spells:

 Spells                   Type           Power      Damage    Failure   Level
 Conjure Flame            Conj/Fire      24%        6-21      9%          3
 Dazzling Flash           Conj/Hex       48%        N/A       9%          3
 Fulminant Prism          Conj/Hex       12%        3d9       26%         4
 Sticky Flame             Conj/Fire      24%        2d5       26%         4
 Ignite Poison            Fire/Tmut/Pois 8%         N/A       32%         3
 Inner Flame              Hex/Fire       8%         N/A       32%         3
 Cause Fear               Hex            4%         N/A       71%         4
 Discord                  Hex            4%         N/A       100%        8


Dungeon Overview and Level Annotations

Branches:
Dungeon (7/15)             Temple (1/1) D:6          Bailey (1/1)

Altars:
Ashenzari
Cheibriados
Dithmenos
Elyvilon
Fedhas
Gozag
Hepliaklqana
Kikubaaqudgha
Nemelex Xobeh
Okawaru
Qazlal
Ru
Sif Muna
Trog
Uskayaw
Wu Jian
Xom
The Shining One

Shops:
D:2 ?   D:4 *

Annotations:
D:5 Eustachio


Message History

The wolf attacks as you move away! The wolf barely misses you.
You flicker back into view.
There is an open door here.
Casting: Iskenderun's Mystic Blast (quite dangerous; 12% risk of failure)
Confirm with . or Enter, or press ? or * to list all spells.
Aiming: Searing Ray (safe; 1% risk of failure)
Press: ? - help, Shift-Dir - straight line, f - wolf
Aim: a wolf (lightly wounded, 70% to hit)
The searing ray hits the wolf.
The wolf is severely wounded.
The searing ray hits the wolf.
The wolf is heavily wounded. (Press . to maintain the ray.)
The wolf bites you but does no damage. The wolf misses you.
The searing ray misses the wolf.
The wolf bites you but does no damage. The wolf barely misses you.
The wolf misses you. The wolf attacks as you move away!
The wolf bites you but does no damage. The wolf closely misses you.
The wolf bites you.
* * * LOW HITPOINT WARNING * * *
You feel better.
The gnoll sergeant is no longer moving quickly.
The wolf barely misses you. The wolf bites you but does no damage.
The wolf bites you.
* * * LOW HITPOINT WARNING * * *
The wolf bites you!
* * * LOW HITPOINT WARNING * * *
The gnoll sergeant shouts!
You feel better. The wolf closely misses you.
The gnoll sergeant hits you from afar with a +0 halberd!
* * * LOW HITPOINT WARNING * * *
The wolf completely misses you.
It was a potion of berserk rage.
A red film seems to cover your vision as you go berserk!
You feel yourself moving faster!
You feel mighty!
The gnoll bouda is no longer moving quickly.
The wolf misses you. The wolf barely misses you.
The gnoll sergeant hits you from afar with a +0 halberd.
* * * LOW HITPOINT WARNING * * *
The wolf bites you!
You die...

########### .≈≈♣♣ ♣≈
##.8.......8 #..≈.♣
♣≈..##....g...... #..≈.♣♣
♣≈..#....gg...... #..≈..♣
♣≈..#...g.#####.. #..≈..♣
♣≈..#.g..##...## #..≈..♣
♣≈..##'###.....######..≈...
♣≈.....g#h.....)#...'......
♣≈.....ggh@.8.))'...'...)))
♣≈......#....)..#...'......
♣≈..##'###.....######..≈...
♣≈..#....##...## #..≈...
♣≈..#.....##### #..≈...
♣≈..#....... #..≈..♣
♣≈..##......# #..≈.♣♣
♣≈...##.8...# #..≈.♣ ♣≈≈..
###### #...≈≈♣♣


You could see a gnoll sergeant, 2 wolves and 2 gnoll boudas.

Vanquished Creatures
  Sigmund (D:3)
  A water moccasin (D:6)
  2 black bears
  2 ogres (D:6)
  2 wolves (Bailey)
  2 phantoms
  A bullfrog (D:7)
  4 gnoll sergeants (Bailey)
  3 necrophages
  4 killer bees (D:7)
  A howler monkey (D:6)
  2 orc priests (D:5)
  A jelly (D:6)
  4 gnoll boudas (Bailey)
  5 hounds
  Jessica (D:3)
  3 orc wizards
  3 iguanas
  17 gnolls
  4 adders
  An ufetubus (D:7)
  2 worms (D:2)
  A dart slug (D:1)
  18 orcs
  3 ball pythons
  6 endoplasms
  4 giant cockroaches
  6 hobgoblins
  7 jackals
  2 quokkas
  4 bats
  3 frilled lizards
  8 goblins
  9 kobolds
  2 rats
139 creatures vanquished.

Vanquished Creatures (others)
  16 plants (D:3)
16 creatures vanquished.

Grand Total: 155 creatures vanquished

Notes
Turn   | Place    | Note
-------+----------+-------------------------------------------
     0 | D:1      | foxxo the Deep Elf Conjurer began the quest for the Orb.
     0 | D:1      | Reached XP level 1. HP: 10/10 MP: 6/6
   464 | D:1      | Reached XP level 2. HP: 15/15 MP: 6/8
   485 | D:1      | Learned a level 2 spell: Searing Ray
  1039 | D:2      | Reached XP level 3. HP: 20/20 MP: 4/9
  1473 | D:2      | Reached skill level 1 in Short Blades
  1496 | D:2      | Found Bidgh's Magic Scroll Boutique.
  1513 | D:2      | Bought a scroll of teleportation for 36 gold pieces
  1513 | D:2      | Bought a scroll of identify for 24 gold pieces
  1636 | D:2      | Found a faded altar of an unknown god.
  1639 | D:2      | Identified the +2 chain mail of Xom, Leaping {rF+}
  1940 | D:3      | Noticed Sigmund
  2134 | D:3      | Killed Sigmund
  2135 | D:3      | Reached skill level 1 in Fighting
  2135 | D:3      | Reached skill level 4 in Spellcasting
  2135 | D:3      | Reached skill level 5 in Conjurations
  2135 | D:3      | Reached XP level 4. HP: 25/25 MP: 2/12
  2135 | D:3      | Reached XP level 5. HP: 29/29 MP: 2/13
  2255 | D:3      | Learned a level 4 spell: Iskenderun's Mystic Blast
  2285 | D:3      | You fall into a shaft and drop 3 floors!
  2292 | D:6      | Noticed an ogre
  2311 | D:6      | Killed an ogre
  2312 | D:6      | Reached XP level 6. HP: 34/34 MP: 5/15
  2383 | D:6      | Noticed a water moccasin
  2413 | D:6      | Reached skill level 1 in Translocations
  2415 | D:6      | Reached skill level 5 in Spellcasting
  2480 | D:5      | Entered Level 5 of the Dungeon
  2729 | D:4      | Found a broken altar of Ashenzari.
  2951 | D:4      | Found a shimmering altar of Xom.
  3112 | D:4      | Found Dichig's General Store.
  3119 | D:4      | Reached XP level 7. HP: 39/39 MP: 10/16
  3258 | D:4      | Bought a scroll of identify for 20 gold pieces
  3582 | D:3      | Noticed Jessica
  3584 | D:3      | Killed Jessica
  3625 | D:3      | Found a sparkling altar of Nemelex Xobeh.
  4491 | D:5      | Noticed Eustachio
  4725 | D:5      | Found a glowing golden altar of the Shining One.
  5065 | D:5      | Reached skill level 6 in Spellcasting
  5439 | D:6      | Reached skill level 5 in Stealth
  5439 | D:6      | Reached XP level 8. HP: 45/45 MP: 19/19
  5442 | D:6      | Reached skill level 1 in Armour
  5628 | D:6      | Found a white marble altar of Elyvilon.
  5629 | D:6      | Found a sacrificial altar of Ru.
  5629 | D:6      | Found an iron altar of Okawaru.
  5629 | D:6      | Found a hazy altar of Hepliaklqana.
  5723 | D:6      | Reached skill level 5 in Dodging
  5870 | D:6      | Found a staircase to the Ecumenical Temple.
  5877 | Temple   | Entered the Ecumenical Temple
  5930 | Temple   | Became a worshipper of Uskayaw the Reveller
  5955 | D:6      | Reached * piety under Uskayaw
  5959 | D:6      | Reached ** piety under Uskayaw
  5962 | D:6      | Reached *** piety under Uskayaw
  6321 | D:7      | Reached skill level 1 in Invocations
  6574 | D:7      | Found a flagged portal.
  6590 | D:7      | Reached **** piety under Uskayaw
  6593 | D:7      | Reached ***** piety under Uskayaw
  6787 | Bailey   | Entered a bailey
  6802 | Bailey   | Reached skill level 7 in Spellcasting
  6896 | Bailey   | Reached XP level 9. HP: 22/50 MP: 6/21
  7443 | Bailey   | Slain by a wolf

Illustrated notes

Levels and vault maps discovered:
D:1:      reono_arrival_forest_river, layout_loops_ring
D:2:      layout_rooms, basic_ecumenical_altar, serial_shops, nicolae_shop_stone
D:3:      layout_basic, nemelex_spade_bored_becter, serial_bayou,
          serial_bayou_lagoon_a, serial_bayou_pond_a, serial_bayou_shore_a,
          serial_bayou_pond_c, uniq_jessica, uniq_sigmund
D:4:      layout_rooms, mainiacjoe_overflow_24_doors,
          mainiacjoe_overflow_six_doors_small, serial_shops, shop,
          grunt_decor_fettered
D:5:      layout_basic, marbit_many_paths, glass_columns_a, uniq_eustachio
D:6:      layout_gridville, chequers_temple_overflow_statue_of_worship,
          minmay_temple_entry_arrows
D:7:      layout_loops_ring, amcnicky_altar_gilded, enter_bailey_5,
          guppyfry_early_elven_hall
Temple:   nicolae_temple_ecumenical_triangle
Bailey:   bailey_polearm_gnolls_kennysheep, bailey

Skill      XL: |  1  2  3  4  5  6  7  8  9 |
---------------+----------------------------+-----
Stealth        | 3 4 5 |  5.7
Short Blades   | 1 2 3 4 |  4.7
Fighting       | 1 2 3 |  3.1
Dodging        | 3 4 5 |  5.6
Spellcasting   | 4 5 6 7 |  7.2
Conjurations   | 5 6 |  6.7
Translocations | 1 2 3 |  3.8
Armour         | 2 |  2.9
Invocations    | 1 2 |  2.5

Action                   |  1- 3 |  4- 6 |  7- 9 || total
-------------------------+-------+-------+-------++-------
Melee: Dagger            |    28 |    13 |    41 ||    82
       Punch             |     1 |       |     1 ||     2
 Cast: Magic Dart        |    53 |    23 |   108 ||   184
       Searing Ray       |     5 |     8 |    40 ||    53
       Iskenderun's Myst |       |     1 |     7 ||     8
  Use: Scroll            |     1 |       |     3 ||     4
       Potion            |       |       |     7 ||     7
 Stab: Sleeping          |     4 |     1 |     4 ||     9
       Paralysed         |       |       |     2 ||     2
Armor: Robe              |     6 |     1 |     7 ||    14
       Leather armour    |       |       |    10 ||    10
Dodge: Dodged            |    35 |     8 |    75 ||   118
